 Dungeon Sprint DCSS version 0.17-a0-1923-gc35365e (webtiles) character file.

9047 ololoev the Bludgeoner (level 11, -2/131 HPs)
             Began as an Ogre Hunter on Sept 28, 2015.
             Was a High Priest of Okawaru.
             Slain by a 12-headed hydra (5 damage)
             ... in the Dungeon (Sprint I: "Red Sonja").
             The game lasted 00:10:41 (2359 turns).

ololoev the Bludgeoner (Ogre Hunter)                Turns: 2359, Time: 00:10:41

Health: -2/131     AC:  6    Str: 22    XL:     11   Next: 40%
Magic:  9/16       EV: 14    Int: 10    God:    Okawaru [*****.]
Gold:   856        SH:  0    Dex: 10    Spells: 0 memorised, 10 levels left

rFire  . . .     SeeInvis .     a - +0 giant spiked club
rCold  . . .     Clarity  .     e - +0 troll leather armour
rNeg   . . .     SustAt   .     (no shield)
rPois  .         Gourm    .     (helmet restricted)
rElec  .         Spirit   .     (no cloak)
rCorr  .         Warding  .     (gloves unavailable)
rMut   .         NoTele   +     (boots unavailable)
MR     +....                    (no amulet)
Stlth  ++........               (no ring)
                                (no ring)

@: heroism, finesse, somewhat resistant to hostile enchantments, unstealthy
A: unfitting armour, tough skin 1
a: Heroism, Finesse, Renounce Religion


Innate Abilities, Weirdness & Mutations

You are too large for most types of armour.
You have tough skin (AC +1).

Inventory:

Hand weapons
 a - a +0 giant spiked club (weapon)
Missiles
 b - 2 throwing nets
 d - 11 silver javelins
 l - 3 large rocks (quivered)
 t - 8 javelins of returning
Armour
 e - a +0 troll leather armour (worn)
Magical devices
 c - a wand of fireball (6)
 n - a wand of draining (13)
Scrolls
 j - a scroll of recharging {unknown}
 k - a scroll of blinking
Potions
 f - 2 potions of curing
 g - 2 potions of heal wounds
 h - a potion of haste
 i - 2 potions of magic
 m - 3 potions of brilliance
 o - 2 potions of lignification {unknown}
 p - a potion of cancellation {unknown}
 r - a potion of flight {unknown}
Miscellaneous
 q - a phial of floods


   Skills:
 + Level 14.9(19.9) Fighting
 * Level 18.9(23.9) Maces & Flails
 - Level 15.2(20.2) Throwing
 + Level 5.9(10.9) Armour
 + Level 6.9(11.9) Dodging
 - Level 0.7(5.7) Stealth
 - Level 7.9 Invocations
 + Level 4.6 Evocations


You had 10 spell levels left.
You didn't know any spells.
You were in the Dungeon. You worshipped Okawaru. Okawaru was extremely pleased with you. You were hungry. You visited 1 branch You collected 1416 gold pieces. You spent 560 gold pieces at shops. ##################### ..#..#§§§§'§§.§§@DG$# ..##'#§####§§§§§##§.+ ..'..#§# ##§§§## ## ###.§'.# ###+# .##'#### #.# .#.§. #.. .#...§ ##.# '###§§§ .## .'.#..§# ##..

Notes
Turn   | Place    | Note
--------------------------------------------------------------
     0 | D        | ololoev the Ogre Hunter began the quest for the Orb.
     0 | D        | Reached XP level 1. HP: 22/22 MP: 1/1
     1 | D        | Noticed Ijyb
    14 | D        | Killed Ijyb
    14 | D        | Reached skill level 5 in Fighting
    14 | D        | Reached skill level 6 in Throwing
    14 | D        | Reached XP level 2. HP: 15/35 MP: 2/2
    14 | D        | Reached XP level 3. HP: 18/42 MP: 3/3
   189 | D        | Noticed an ogre
   191 | D        | Killed an ogre
   191 | D        | Reached skill level 8 in Throwing
   191 | D        | Reached XP level 4. HP: 49/53 MP: 4/4
   191 | D        | Reached XP level 5. HP: 56/61 MP: 5/5
   218 | D        | Noticed Sigmund
   227 | D        | Killed Sigmund
   227 | D        | Reached skill level 9 in Maces & Flails
   227 | D        | Reached skill level 10 in Throwing
   227 | D        | Reached XP level 6. HP: 56/74 MP: 6/6
   256 | D        | Found a deep blue altar of Sif Muna.
   257 | D        | Noticed a jelly
   258 | D        | Found a radiant altar of Vehumet.
   261 | D        | Killed a jelly
   266 | D        | Found Kelagg's Book Emporium.
   266 | D        | Found a white marble altar of Elyvilon.
   266 | D        | Found a stormy altar of Qazlal.
   266 | D        | Found a burning altar of Makhleb.
   266 | D        | Found a sacrificial altar of Ru.
   266 | D        | Found a basalt altar of Yredelemnul.
   266 | D        | Found a glowing golden altar of the Shining One.
   266 | D        | Found a sparkling altar of Nemelex Xobeh.
   266 | D        | Found a shimmering altar of Xom.
   266 | D        | Found an opulent altar of Gozag.
   266 | D        | Found an ancient bone altar of Kikubaaqudgha.
   266 | D        | Found a glowing silver altar of Zin.
   266 | D        | Noticed a yak
   272 | D        | HP: 2/74 [yak (18)]
   274 | D        | Killed a yak
   274 | D        | Reached skill level 10 in Maces & Flails
   274 | D        | Reached skill level 11 in Throwing
   274 | D        | Reached XP level 7. HP: 2/83 MP: 7/7
   275 | D        | Found an iron altar of Okawaru.
   277 | D        | Found a bloodstained altar of Trog.
   288 | D        | Became a worshipper of Warmaster Okawaru
   657 | D        | Found a viscous altar of Jiyva.
   657 | D        | Found a blossoming altar of Fedhas.
   657 | D        | Noticed a slime creature
   658 | D        | Found a snail-covered altar of Cheibriados.
   658 | D        | Found a shadowy altar of Dithmenos.
   661 | D        | Killed a slime creature
   661 | D        | Reached skill level 12 in Throwing
   736 | D        | Noticed a centaur warrior
   736 | D        | Noticed a centaur warrior
   744 | D        | Killed a centaur warrior
   744 | D        | Acquired Okawaru's first power
   744 | D        | Reached skill level 13 in Maces & Flails
   744 | D        | Reached XP level 8. HP: 70/97 MP: 8/8
   747 | D        | Killed a centaur warrior
   747 | D        | Reached skill level 15 in Maces & Flails
   747 | D        | Reached XP level 9. HP: 47/106 MP: 9/9
   979 | D        | Noticed a wasp
   981 | D        | Killed a wasp
   997 | D        | Noticed an oklob plant
  1004 | D        | Killed an oklob plant
  1112 | D        | Noticed Sonja
  1113 | D        | Killed Sonja
  1113 | D        | Reached skill level 16 in Maces & Flails
  1129 | D        | Noticed a deep troll
  1131 | D        | Killed a deep troll
  1131 | D        | Reached skill level 15 in Throwing
  1131 | D        | Reached XP level 10. HP: 119/119 MP: 10/10
  1173 | D        | Found Joikh's Armour Emporium.
  1230 | D        | Found Lenamall's Gadget Boutique.
  1238 | D        | Bought a phial of floods for 560 gold pieces
  1275 | D        | Noticed a trapdoor spider
  1283 | D        | Killed a trapdoor spider
  1436 | D        | Noticed a trapdoor spider
  1439 | D        | Noticed a trapdoor spider
  1440 | D        | Killed a trapdoor spider
  1440 | D        | Reached skill level 1 in Evocations
  1442 | D        | Killed a trapdoor spider
  1442 | D        | Reached skill level 17 in Maces & Flails
  1459 | D        | Noticed a trapdoor spider
  1462 | D        | Killed a trapdoor spider
  1462 | D        | Reached skill level 5 in Dodging
  1516 | D        | Noticed a jelly
  1516 | D        | Noticed a jelly
  1517 | D        | Noticed a jelly
  1517 | D        | Noticed a jelly
  1517 | D        | Noticed a jelly
  1517 | D        | Noticed a jelly
  1517 | D        | Noticed a jelly
  1522 | D        | Killed a jelly
  1523 | D        | Killed a jelly
  1523 | D        | Acquired Okawaru's second power
  1532 | D        | Killed a jelly
  1533 | D        | Killed a jelly
  1535 | D        | Killed a jelly
  1547 | D        | Killed a jelly
  1547 | D        | Reached skill level 1 in Invocations
  1548 | D        | Killed a jelly
  1552 | D        | Noticed a necrophage
  1553 | D        | Noticed a necrophage
  1553 | D        | Noticed a necrophage
  1563 | D        | Killed a necrophage
  1565 | D        | Killed a necrophage
  1567 | D        | Killed a necrophage
  1674 | D        | Noticed a necrophage
  1674 | D        | Noticed a necrophage
  1675 | D        | Noticed a necrophage
  1675 | D        | Noticed a necrophage
  1687 | D        | Killed a necrophage
  1692 | D        | Killed a necrophage
  1694 | D        | Killed a necrophage
  1694 | D        | Received a gift from Okawaru
  1699 | D        | Killed a necrophage
  1725 | D        | Found Loycit's Assorted Antiques.
  1725 | D        | Found Mutweb's Distillery.
  1725 | D        | Found Kin Jef's Gadget Boutique.
  1727 | D        | Found Maal's Antique Weapon Emporium.
  1727 | D        | Found Irapn's Armour Shop.
  1727 | D        | Found Votiriol's Armour Shoppe.
  1727 | D        | Found Obiawnya's Assorted Antiques.
  1727 | D        | Found Izeva's Weapon Emporium.
  1727 | D        | Found Waoshosiab's General Store.
  1727 | D        | Found Vaekhul's Food Shoppe.
  1731 | D        | Found Teitosk's Gadget Boutique.
  1732 | D        | Found Ariuj's Distillery.
  1732 | D        | Found Darhacsi's Food Boutique.
  1733 | D        | Found Quholaong's Antique Weapon Emporium.
  1795 | D        | Noticed a kobold demonologist
  1796 | D        | Noticed a kobold demonologist
  1796 | D        | Paralysed by a giant eyeball for 3 turns
  1801 | D        | Noticed a rust devil
  1820 | D        | Noticed a rust devil
  1829 | D        | Noticed a rust devil
  1831 | D        | Killed a kobold demonologist
  1836 | D        | Killed a kobold demonologist
  1856 | D        | Killed a gargoyle
  1976 | D        | Noticed a demonic crawler
  1976 | D        | Noticed a demonic crawler
  1976 | D        | Noticed a demonic crawler
  1976 | D        | Noticed a demonic crawler
  1982 | D        | Killed a demonic crawler
  1987 | D        | Killed a demonic crawler
  1987 | D        | Received a gift from Okawaru
  1987 | D        | Reached skill level 18 in Maces & Flails
  1990 | D        | Killed a demonic crawler
  1990 | D        | Reached skill level 5 in Armour
  1990 | D        | Reached skill level 5 in Invocations
  1993 | D        | Killed a demonic crawler
  1993 | D        | Reached XP level 11. HP: 57/131 MP: 13/15
  2031 | D        | Noticed a gargoyle
  2036 | D        | Killed a gargoyle
  2049 | D        | Noticed a lindwurm
  2052 | D        | Killed a lindwurm
  2066 | D        | Noticed a hog
  2066 | D        | Noticed a hog
  2066 | D        | Noticed a hog
  2066 | D        | Noticed a hog
  2066 | D        | Noticed a hog
  2066 | D        | Noticed a hog
  2066 | D        | Noticed a hog
  2066 | D        | Noticed a hog
  2066 | D        | Noticed a hog
  2073 | D        | Killed a hog
  2084 | D        | Noticed a hog
  2084 | D        | Noticed a hog
  2089 | D        | Killed a hog
  2091 | D        | Killed a hog
  2100 | D        | Noticed a hog
  2113 | D        | Killed a hog
  2124 | D        | Killed a hog
  2125 | D        | Killed a hog
  2128 | D        | Killed a hog
  2136 | D        | Killed a hog
  2257 | D        | Killed a hog
  2260 | D        | Killed a hog
  2260 | D        | Received a gift from Okawaru
  2288 | D        | Noticed a hog
  2292 | D        | Killed a hog
  2295 | D        | Killed a hog
  2298 | D        | Killed a hog
  2355 | D        | Noticed a 12-headed hydra
  2359 | D        | HP: 3/131 [12-headed hydra (6)]
  2359 | D        | Slain by a 12-headed hydra

Dungeon Overview and Level Annotations

Branches:
Dungeon (1/1)

Altars:
Cheibriados
Dithmenos
Elyvilon
Fedhas
Gozag
Kikubaaqudgha
Makhleb
Nemelex Xobeh
Okawaru
Qazlal
Ru
Sif Muna
Trog
Vehumet
Xom
Yredelemnul
Zin
The Shining One
Jiyva

Shops:
D }:!*}([[*(*%}%![(

Annotations:
D exclusion: 4 doors


Message History

The giant eyeball turns its gaze towards you.
Found 54 gold pieces.
Use which ability?
You gain the combat prowess of a mighty hero.
You feel slightly more hungry. The 12-headed hydra bites you!
The 12-headed hydra barely misses you.
The 12-headed hydra bites you but does no damage.
The 12-headed hydra bites you! The 12-headed hydra bites you.
The 12-headed hydra bites you but does no damage.
The 12-headed hydra closely misses you. The 12-headed hydra bites you.
The 12-headed hydra bites you! x3
The 12-headed hydra bites you but does no damage.
Use which ability?
You can now deal lightning-fast blows.
You are feeling hungry.
The 12-headed hydra bites you. The 12-headed hydra closely misses you.
The 12-headed hydra misses you. The 12-headed hydra bites you!
The 12-headed hydra bites you. The 12-headed hydra closely misses you.
The 12-headed hydra barely misses you. The 12-headed hydra bites you.
The 12-headed hydra bites you! x2
The 12-headed hydra bites you but does no damage. x2
Throwing (i - inventory. (,) - cycle):
l - 5 large rocks (quivered)
Press: ? - help, Shift-Dir - straight line, f - 12-headed hydra
Aim: a 12-headed hydra (purple smoke)
You throw a large rock.
The large rock hits the 12-headed hydra!!!
The 12-headed hydra is severely wounded.
Throwing (i - inventory. (,) - cycle):
l - 4 large rocks (quivered)
Press: ? - help, Shift-Dir - straight line, f/p - 12-headed hydra
Aim: a 12-headed hydra (purple smoke, severely wounded)
You throw a large rock.
The large rock hits the 12-headed hydra!!
The 12-headed hydra is almost dead.
The 12-headed hydra bites you but does no damage.
The 12-headed hydra bites you! The 12-headed hydra closely misses you.
The 12-headed hydra misses you. The 12-headed hydra barely misses you.
The 12-headed hydra closely misses you. The 12-headed hydra barely misses you.
The 12-headed hydra bites you. The 12-headed hydra closely misses you.
The 12-headed hydra closely misses you. The 12-headed hydra bites you.
You die...

You could see a 12-headed hydra and a giant eyeball.

Vanquished Creatures
  2 centaur warriors (D)
  Sonja (D)
  A deep troll (D)
  An oklob plant (D)
  A lindwurm (D)
  2 kobold demonologists (D)
  A gargoyle (D)
  4 demonic crawlers (D)
  A slime creature (D)
  4 trapdoor spiders (D)
  Sigmund (D)
  A yak (D)
  13 hogs (D)
  An ogre (D)
  A wasp (D)
  7 necrophages (D)
  Ijyb (D)
  8 jellies (D)
  2 giant eyeballs (D)
  A ballistomycete (D)
54 creatures vanquished.

Vanquished Creatures (others)
  A gargoyle (D)
  2 giant spores (D)
3 creatures vanquished.

Grand Total: 57 creatures vanquished

Action                   |  1- 3 |  4- 6 |  7- 9 | 10-12 || total
-------------------------+-------+-------+-------+-------++-------
Melee: Short sword       |     8 |       |       |       ||     8
       Giant spiked club |       |     9 |    14 |   124 ||   147
Throw: Large rock        |     7 |     7 |     9 |    11 ||    34
       Throwing net      |       |     2 |       |       ||     2
Invok: Heroism           |       |       |     1 |     1 ||     2
       Finesse           |       |       |       |     1 ||     1
  Use: Scroll            |       |       |       |     3 ||     3
       Potion            |       |       |       |     3 ||     3
  Eat: Bread ration      |       |       |     1 |       ||     1
       Chunk             |       |       |       |     2 ||     2

Vault maps used:
D:        dungeon_sprint_1
